 Dungeon Crawl Stone Soup version 0.31-a0-345-g1ebeae05c6 (webtiles) character file.

Game seed: 4838842273226494446

457 porpoise the Sneak (level 7, -2/46 HPs)
             Began as an Octopode Shapeshifter on July 23, 2023.
             Slain by an orc priest
             ... wielding a +0 falchion
              (8 damage)
             ... on level 4 of the Dungeon.
             The game lasted 00:09:02 (3195 turns).

porpoise the Sneak (Octopode Shapeshifter)          Turns: 3195, Time: 00:09:02

Health: -2/46      AC:  1    Str: 16    XL:     7   Next: 6%
Magic:  7/7        EV: 13    Int: 11    God:
Gold:   60         SH:  0    Dex: 12    Spells: 6/6 levels left

rFire   . .          .
                       - Unarmed
rCold   . . .        (no shield)
rNeg    . . .        (helmet currently unavailable)
rPois   .            (no amulet)
rElec   .            (no ring)
rCorr   .            (no ring)
SInv    .            (no ring)
Will    .....        (no ring)
Stlth   ++++         (no ring)
HPRegen 0.27/turn    (no ring)
MPRegen 0.10/turn    (no ring)
                     (no ring)

%: no passive effects
@: beast-form
A: beast (slay +3), almost no armour, amphibious, 8 rings, camouflage 1,
gelatinous body 1, (nimble swimmer 1), tentacles
a: Begin Untransformation


You were on level 4 of the Dungeon.
You were a hulking beast.
You visited 1 branch of the dungeon, and saw 4 of its levels.

You collected 134 gold pieces.
You spent 74 gold pieces at shops.

Inventory:

Hand Weapons
 b - a +0 sling
Missiles
 d - 11 poisoned darts (quivered)
Talismans
 c - a beast talisman
 r - a dragon-blood talisman
Wands
 j - a wand of paralysis (10)
Scrolls
 e - a scroll of amnesia {unknown}
 f - a scroll of torment {unknown}
 h - a scroll of revelation {unknown}
 i - a scroll of poison
 k - a scroll of fear
 m - a scroll of teleportation
 n - 2 scrolls of enchant armour {unknown}
 q - a scroll of blinking {unknown}
Potions
 a - 2 potions of lignification
 g - 3 potions of haste
 l - a potion of mutation
 o - a potion of invisibility {unknown}
 p - a potion of enlightenment


   Skills:
 + Level 3.4 Fighting
 - Level 2.0 Dodging
 + Level 4.6 Stealth
 + Level 4.5 Unarmed Combat
 * Level 4.3 Shapeshifting


You had 6 spell levels left.
You didn't know any spells.
Your spell library contained the following spells:

 Spells                   Type           Power      Damage    Failure   Level
 Apportation              Tloc           0%         N/A       34%         1
 Necrotise                Necr           0%         1d4       34%         1
 Summon Small Mammal      Summ           0%         N/A       34%         1


Dungeon Overview and Level Annotations

Branches:
Dungeon (4/15)
 Temple: D:4-7

Altars:
Fedhas
Okawaru
Qazlal

Shops:
D:1 *   D:3 *:[


Innate Abilities, Weirdness & Mutations

You are a hulking beast.
Your limbs bulge with bestial killing power. (Slay +3)
You cannot wear most types of armour.
You are amphibious.
You can wear up to eight rings at the same time.
Your skin changes colour to match your surroundings (Stealth+).
Your rubbery body absorbs attacks. (AC +1, EV +1)
((You are camouflaged when in or above water. (Stealth+)))
You have tentacles for arms and can constrict up to eight enemies at once.


Message History

You kill the orc!
You tentacle-slap the orc. You grab the orc. You squeeze the orc.
You kill the orc!
You start resting.
An orc comes into view.
It is wielding a +1 heavy flail and quivering poisoned darts.
An orc comes into view. It is wielding a +0 club.
You tentacle-slap the orc. You grab the orc.
The orc is heavily wounded.
You constrict the orc. The orc hits you with a +1 heavy flail.
You tentacle-slap the orc.
You kill the orc!
The orc barely misses you.
You bludgeon the orc!
You kill the orc!
You start resting.
An orc priest comes into view. It is wielding a +0 falchion.
An orc priest comes into view. It is wielding a +0 whip.
Found 16 gold pieces.
Items here: $ ))) [[[ ††††.
The orc priest shouts!
The orc priest hits you with a +0 falchion.
You closely miss the orc priest. You grab the orc priest.
You constrict the orc priest.
The orc priest hits you with a +0 falchion!
You completely miss the orc priest. You squeeze the orc priest.
The orc priest is moderately wounded.
You constrict the orc priest, but do no damage.
You tentacle-slap the orc priest but do no damage.
You squeeze the orc priest, but do no damage.
The orc priest is moderately wounded.
You constrict the orc priest, but do no damage.
The orc priest invokes the aid of Beogh against you.
Beogh smites you!
The orc priest mumbles some strange prayers to Beogh against you.
Beogh smites you!
* * * LOW HITPOINT WARNING * * *
You barely miss the orc priest. You grab the orc priest.
You constrict the orc priest, but do no damage. x2
The orc priest hits you with a +0 falchion!
You die...

............##
.$............o....##.
............J.........#
..................##..##
........................
.............S.......#.
.....................
#oo######..........
#h).).)..###..##..
########..........
#.#####)... #.# #.)..
#.#####.... #<...##....
#..#.###### ##...# ##.##


You could see 2 orc priests and an endoplasm (wandering).

Vanquished Creatures
  A scorpion (D:4)
  3 hounds (D:4)
  3 orc priests (D:4)
  Ijyb (D:4)
  3 gnolls (D:2)
  6 adders
  3 worms
  4 dart slugs
  13 orcs
  3 endoplasms
  2 giant cockroaches
  10 goblins
  5 hobgoblins
  7 jackals (D:1)
  4 quokkas
  5 ball pythons
  7 bats
  2 frilled lizards
  8 kobolds
  3 rats
93 creatures vanquished.

Notes
Turn   | Place    | Note
-------+----------+-------------------------------------------
     0 | D:1      | porpoise the Octopode Shapeshifter began the quest for the
                  | Orb.
     0 | D:1      | Reached XP level 1. HP: 13/13 MP: 1/1
    52 | D:1      | Reached skill level 1 in Stealth
    52 | D:1      | Reached XP level 2. HP: 18/18 MP: 2/2
   284 | D:1      | Found Loqanimol's Assorted Antiques.
   362 | D:1      | Reached XP level 3. HP: 23/23 MP: 3/3
   415 | D:1      | Bought 2 scrolls labelled OTOUW CICUOFU for 36 gold pieces
   674 | D:2      | Reached XP level 4. HP: 22/29 MP: 4/4
  1178 | D:2      | You fall into a shaft and drop 1 floor!
  1190 | D:3      | Found Galonur's Armour Shop.
  1644 | D:2      | Reached XP level 5. HP: 35/35 MP: 5/5
  2065 | D:3      | Found a blossoming altar of Fedhas.
  2066 | D:3      | Found a stormy altar of Qazlal.
  2069 | D:3      | Found an iron altar of Okawaru.
  2215 | D:3      | Found Geor's Assorted Antiques.
  2219 | D:3      | Bought a scroll labelled JOT RAILOY for 20 gold pieces
  2219 | D:3      | Bought a puce potion for 18 gold pieces
  2257 | D:3      | Found Moder's Book Boutique.
  2692 | D:4      | Reached XP level 6. HP: 42/42 MP: 6/6
  2713 | D:4      | Noticed Ijyb
  2728 | D:4      | Paralysed by Ijyb for 3 turns
  2732 | D:4      | Killed Ijyb
  3159 | D:4      | Reached XP level 7. HP: 40/46 MP: 7/7
  3195 | D:4      | Slain by an orc priest

Illustrated notes

Levels and vault maps discovered:
D:1:      dpeg_arrival_water_temple_mockup, layout_rooms, serial_shops,
          nicolae_shop_crystal
D:2:      layout_basic
D:3:      layout_loops_cross, grunt_temple_overflow_open, serial_shops, shop,
          nicolae_shop_crystal, nicolae_shop_back_alley_shop
D:4:      layout_loops_cross, wad_floor_pattern_1, uniq_ijyb

Skill      XL: |  1  2  3  4  5  6 |
---------------+-------------------+-----
Stealth        | 1 2 3 4 |  4.6
Fighting       | 2 3 |  3.4
Unarmed Combat | 4 |  4.5
Shapeshifting  | 4 |  4.3
Dodging        | |  2.0

Action                     |  1- 3 |  4- 6 |  7- 9 || total
---------------------------+-------+-------+-------++-------
  Melee: Unarmed           |    37 |    82 |    13 ||   132
         Tentacles         |    10 |    15 |     6 ||    31
         Constrict         |     9 |    21 |     6 ||    36
         Punch             |     1 |     6 |       ||     7
   Fire: Sling             |    23 |    61 |       ||    84
    Use: Scroll            |     1 |     6 |       ||     7
         Potion            |       |     1 |       ||     1
   Stab: Sleeping          |     1 |     5 |       ||     6
 Armour: Skin              |     5 |     4 |       ||     9
  Dodge: Dodged            |    24 |    51 |     2 ||    77

Table legend: (Time is in decaauts)
 A = Elapsed time spent in this place.
 B = Non-inter-level travel time spent in this place.
 C = Inter-level travel time spent in this place.
 D = Time resting spent in this place.
 E = Time spent auto-exploring this place.
 F = Levels seen in this place.
 G = Mean time per level.
                   A        B        C        D        E       F      G
               +--------+--------+--------+--------+--------+-----+--------+
         Total |   3195 |   3088 |    107 |    768 |   1729 |   4 |  798.8 |
       Dungeon |   3195 |   3088 |    107 |    768 |   1729 |   4 |  798.8 |
               +--------+--------+--------+--------+--------+-----+--------+

Top non-repeatable levels by time:
     D:2: 1120 daAuts
     D:3: 806 daAuts
     D:4: 669 daAuts
     D:1: 599 daAuts
